 Dungeon Crawl Stone Soup version 0.31-a0-152-g6aa68a64a1 (webtiles) character file.

Game seed: 1856786847041402518

4 comborobin the Sneak (level 1, 0/13 HPs)
             Began as a Deep Elf Delver on June 10, 2023.
             Succumbed to a scorpion's poison
             ... on level 6 of the Dungeon.
             The game lasted 00:00:36 (195 turns).

comborobin the Sneak (Deep Elf Delver)               Turns: 195, Time: 00:00:37

Health: 0/13       AC:  3    Str:  9    XL:     1   Next: 50%
Magic:  3/3        EV: 12    Int: 14    God:
Gold:   0          SH:  0    Dex: 16    Spells: 0/0 levels left

rFire   . . .        a - +0 short sword
rCold   . . .        (no shield)
rNeg    . . .        b - +0 leather armour
rPois   .            (no helmet)
rElec   .            (no cloak)
rCorr   .            (no gloves)
SInv    .            (no boots)
Will    .....        (no amulet)
Stlth   +++          (no ring)
HPRegen 0.22/turn    (no ring)
MPRegen 0.08/turn

%: no passive effects
@: lethally poisoned (0 -> -7)
A: no striking features
a: no special abilities


You were on level 6 of the Dungeon.
You visited 1 branch of the dungeon, and saw 3 of its levels.

Inventory:

Hand Weapons
 a - a +0 short sword (weapon)
Missiles
 h - 4 boomerangs
Armour
 b - a +0 leather armour (worn)
 i - a +0 robe
Wands
 g - a wand of digging (3)
Scrolls
 c - a scroll of fog


   Skills:
 - Level 2.4 Fighting
 + Level 2.2 Short Blades
 - Level 2.4 Dodging
 - Level 6.0 Stealth


You couldn't memorise any spells.
You didn't know any spells.
Your spell library was empty.

Dungeon Overview and Level Annotations

Branches:
Dungeon (7/15)
 Temple: D:4-7

Altars:

Annotations:
D:6 2 runed translucent doors


Message History

The orc hits you with a +0 mace.
You hit the orc but do no damage.
The orc is severely wounded.
The orc closely misses you.
You hit the orc but do no damage.
The orc is severely wounded.
The orc hits you with a +0 mace.
You are too injured to fight recklessly!
You are too injured to fight recklessly!
You are too injured to fight recklessly!
You are too injured to fight recklessly!
You are too injured to fight recklessly!
You are too injured to fight recklessly!
You are too injured to fight recklessly!
You are too injured to fight recklessly!
You are too injured to fight recklessly!
You are too injured to fight recklessly!
You are too injured to fight recklessly!
You are too injured to fight recklessly!
You are too injured to fight recklessly!
You are too injured to fight recklessly!
You are too injured to fight recklessly!
You are too injured to fight recklessly!
You are too injured to fight recklessly!
You are too injured to fight recklessly!
You are too injured to fight recklessly!
You are too injured to fight recklessly!
You are too injured to fight recklessly!
You are too injured to fight recklessly!
You hit the orc.
You kill the orc!
You hit the scorpion.
The scorpion is lightly wounded.
The scorpion stings you.
* * * LOW HITPOINT WARNING * * *
You are lethally poisoned!
The scorpion poisons you!
You barely miss the scorpion.
The scorpion is lightly wounded.
You die...

...* #.# *,* *,***,* #.#* #.#
*#+## *,,,,,, #.# #.# *#...#*
*****,* #.## ##.# *#.....** *,*
...# ##..# *#......,******,*
.#.#######...####.......,,**,,,,,
.#..............+o......,,+,,,,,,
.#....##........#so.....,,*,,,,,,
#####.#..######.@#,,,,,,,*,,,,,,,
,#......##,,,,##.#*,,,,,**,,,,,,,
.#.####.#,****,#.#**,,,***,,,,,,,
........#*,*,,,#.# **+** **,,,**,
.##++##.+,**,*,#.#***,* *******
##8.,8###**,**,#..,**,* ***** *
#8.,,,8* *,,*,*#.#,**,***,,,*
#|,,,,,* ******...,,,,,,,,*,*
#,,,,,,* ******,,,,,,,,,*,,,***


You could see a scorpion, an orc wizard and an orc.

Vanquished Creatures
  2 orcs (D:6)
2 creatures vanquished.

Notes
Turn   | Place    | Note
-------+----------+-------------------------------------------
     0 | D:5      | comborobin the Deep Elf Delver began the quest for the Orb.
     0 | D:5      | Reached XP level 1. HP: 13/13 MP: 3/3
    17 | D:7      | Noticed a black bear
   159 | D:6      | Found a large runed translucent door.
   159 | D:6      | Found a large runed translucent door.
   174 | D:6      | Noticed an orc wizard
   175 | D:6      | Noticed a scorpion
   195 | D:6      | Succumbed to a scorpion's poison

Illustrated notes

Levels and vault maps discovered:
D:5:      layout_loops_ring, portal_sewer_entry_a, uniq_crazy_yiuf_cottage
D:6:      layout_loops_corners, minmay_hollow_rounded_squares
D:7:      layout_rooms

Action                     || total
---------------------------++-------
  Melee: Short sword       ||    21
    Use: Scroll            ||     2
         Potion            ||     1
   Stab: Sleeping          ||     1
 Armour: Leather armour    ||     1
  Dodge: Dodged            ||     6

Table legend: (Time is in decaauts)
 A = Elapsed time spent in this place.
 B = Non-inter-level travel time spent in this place.
 C = Inter-level travel time spent in this place.
 D = Time resting spent in this place.
 E = Time spent auto-exploring this place.
 F = Levels seen in this place.
 G = Mean time per level.
                   A        B        C        D        E       F      G
               +--------+--------+--------+--------+--------+-----+--------+
         Total |    179 |    179 |      0 |      0 |     91 |   3 |   59.7 |
       Dungeon |    179 |    179 |      0 |      0 |     91 |   3 |   59.7 |
               +--------+--------+--------+--------+--------+-----+--------+

Top non-repeatable levels by time:
     D:6: 118 daAuts
     D:5: 51 daAuts
     D:7: 9 daAuts
